 Dungeon Crawl Stone Soup version 0.22-a0-417-g1387785 (webtiles) character file.

192120 inmateoo the Shatterer (level 19, 0/140 HPs)
             Began as a Formicid Fighter on May 14, 2018.
             Was an Initiate of Gozag.
             Hit by a javelin thrown by a merfolk javelineer (10 damage)
             ... on level 4 of the Shoals.
             The game lasted 00:56:52 (33537 turns).

inmateoo the Shatterer (Formicid Fighter)          Turns: 33537, Time: 00:56:53

Health: 0/140      AC: 24    Str: 26    XL:     19   Next: 38%
Magic:  25/25      EV:  1    Int: 11    God:    Gozag
Gold:   1421       SH: 10    Dex: 16    Spells: 17/18 levels left

rFire    + + .     SeeInvis +   D - +2 great mace (venom)
rCold    + + .     Gourm    .   J - +1 shield {AC+3}
rNeg     . . .     Faith    .   W - +9 scales of the Dragon King {rPois rF+ rC+ MR+}
rPois    +         Spirit   .   (helmet unavailable)
rElec    .         Reflect  .   S - scarf {cloud immunity}
rCorr    .         Harm     .   r - +2 pair of gloves
MR       +++..                  k - -4 pair of boots of Melancholy {rF+ MR+ Dex-2 SInv}
Stlth    ..........             Q - amulet of regeneration
HPRegen  0.73/turn              I - +3 ring of slaying
MPRegen  0.19/turn              K - ring "Kebih" {rC+ Str-3 Int+3 Dex+8}

@: gold aura, extremely drained, invisible, very slow
A: permanent stasis, dig shafts and tunnels, four strong arms, antennae 3
a: Dig, Shaft Self, Potion Petition, Call Merchant, Bribe Branch, Renounce
Religion


You were on level 4 of the Shoals.
You worshipped Gozag.
Gozag was most pleased with you.
You were not hungry.

You visited 6 branches of the dungeon, and saw 30 of its levels.
You visited the Abyss 1 time.
You also visited: Ossuary and Volcano.

You collected 11111 gold pieces.
You spent 7236 gold pieces at shops.
You paid 2454 gold pieces to Gozag.

Inventory:

Hand Weapons
 g - a +3 whip of electrocution
 D - a +2 great mace of venom (weapon)
Armour
 k - the -4 pair of boots of Melancholy (worn) {rF+ MR+ Dex-2 SInv}
   (You acquired it on level 3 of the Shoals)

   It affects your dexterity (-2).
   It protects you from fire.
   It affects your resistance to hostile enchantments.
   It lets you see invisible.
 r - a +2 pair of gloves (worn)
 J - a +1 shield of protection (worn)
 S - a scarf of cloud immunity (worn)
 W - the +9 scales of the Dragon King (worn) {rPois rF+ rC+ MR+}
   (You bought it in a shop on level 1 of the Lair of Beasts)

   It protects you from fire.
   It protects you from cold.
   It protects you from poison.
   It affects your resistance to hostile enchantments.
Jewellery
 G - an uncursed ring of resist corrosion
 I - a +3 ring of slaying (left hand)
 K - the ring "Kebih" (right hand) {rC+ Str-3 Int+3 Dex+8}
   (You found it on level 12 of the Dungeon)

   [ring of protection from cold]

   It affects your strength (-3).
   It affects your intelligence (+3).
   It affects your dexterity (+8).
   It protects you from cold.
 L - the ring "Hyphapp" {*Slow MR+++ MP+9 Int-2 Dex+5}
   (You found it on level 3 of the Shoals)

   [ring of magical power]

   It affects your intelligence (-2).
   It affects your dexterity (+5).
   It affects your resistance to hostile enchantments.
   It affects your magic capacity (+9).
   It may slow you when you take damage.
 Q - an amulet of regeneration (around neck)
 R - the ring "Vustril" {rC++ SInv}
   (You found it on level 5 of the Lair of Beasts)

   [ring of see invisible]

   It greatly protects you from cold.
   It lets you see invisible.
Wands
 a - a wand of paralysis (37)
 b - a wand of random effects (68)
 y - a wand of scattershot (1)
 B - a wand of disintegration (50)
 H - a wand of flame (52)
 M - a wand of enslavement (17)
 P - a wand of acid (10)
 T - a wand of digging (13)
Scrolls
 l - 6 scrolls of fear
 o - 11 scrolls of teleportation
 p - 26 scrolls of identify
 s - 3 scrolls of enchant armour
 u - 3 scrolls of magic mapping
 w - a scroll of immolation
 x - 6 scrolls of remove curse
 F - 2 scrolls of amnesia
 N - a scroll of fog
Potions
 d - 4 potions of resistance
 e - 4 potions of ambrosia
 h - 6 potions of might
 i - 8 potions of curing
 j - 4 potions of lignification
 m - 9 potions of mutation
 n - 8 potions of cancellation
 t - 7 potions of haste
 v - 6 potions of agility
 z - 5 potions of berserk rage
 A - 5 potions of flight
Miscellaneous
 O - a phial of floods (inert)
Comestibles
 f - 32 rations


   Skills:
 - Level 10.0(1.2) Fighting
   Level 2.7(7.0) Axes
 * Level 24.9(12.9) Maces & Flails
 - Level 10.0(1.2) Armour
 - Level 8.0(0.0) Dodging
 - Level 10.0(1.2) Shields
 - Level 8.0(0.0) Evocations


You had 17 spell levels left.
You knew the following spells:

 Your Spells              Type           Power        Failure   Level  Hunger
a - Apportation           Tloc           #.....       100%        1    ##.....

Your spell library contained the following spells:

 Spells                   Type           Power        Failure   Level  Hunger
 Lightning Bolt           Conj/Air       #.........   100%        5    ######.
 Bolt of Magma            Conj/Fire/Erth #.........   100%        5    ######.
 Invisibility             Hex            #.......     100%        6    #######
 Throw Frost              Conj/Ice       #.....       100%        2    ###....
 Summon Small Mammal      Summ           #...         100%        1    ##.....
 Freeze                   Ice            #...         100%        1    ##.....
 Summon Ice Beast         Ice/Summ       #.......     100%        4    #####..
 Ozocubu's Armour         Chrm/Ice       #.......     100%        3    ####...
 Call Imp                 Summ           #.......     100%        2    ###....
 Tukima's Dance           Hex            #.......     100%        3    ####...
 Iron Shot                Conj/Erth      #.........   100%        6    #######
 Shock                    Conj/Air       #...         100%        1    ##.....
 Swiftness                Chrm/Air       #.......     100%        2    ###....
 Spider Form              Tmut/Pois      #.........   100%        3    ####...
 Blade Hands              Tmut           #.........   100%        5    ######.
 Statue Form              Tmut/Erth      #........    100%        6    #######
 Ice Form                 Ice/Tmut       #.......     100%        4    #####..
 Deflect Missiles         Chrm/Air       #.........   100%        6    #######
 Throw Icicle             Conj/Ice       #.......     100%        4    #####..
 Airstrike                Air            #.........   100%        4    #####..
 Sticks to Snakes         Tmut           #.......     100%        2    ###....
 Call Canine Familiar     Summ           #.......     100%        3    ####...
 Summon Butterflies       Summ           #.......     100%        1    ##.....
 Shatter                  Erth           #.........   100%        9    #######
 Static Discharge         Conj/Air       #.......     100%        3    ####...
 Alistair's Intoxication  Tmut/Pois      #.......     100%        5    ######.
 Petrify                  Tmut/Erth      #.......     100%        4    #####..
 Leda's Liquefaction      Hex/Erth       #.........   100%        4    #####..
 Summon Hydra             Summ           #.........   100%        7    #######
 Beastly Appendage        Tmut           #.....       100%        1    ##.....
 Spectral Weapon          Hex/Chrm       #.......     100%        3    ####...
 Summon Lightning Spire   Summ/Air       #.......     100%        4    #####..
 Summon Guardian Golem    Hex/Summ       #.......     100%        3    ####...
 Summon Mana Viper        Hex/Summ       #.......     100%        5    ######.
 Irradiate                Conj/Tmut      #.........   100%        5    ######.
 Lesser Beckoning         Tloc           #.........   100%        3    ####...


Dungeon Overview and Level Annotations

Branches:
Dungeon (15/15)            Temple (1/1) D:6            Lair (6/6) D:10
 Shoals (4/4) Lair:3        Snake (0/4) Lair:3        Slime (0/5) Lair:6
    Orc (2/2) D:10            Elf (2/3) Orc:2        Vaults (0/5) D:13
 Depths (0/5) D:15

Altars:
Ashenzari
Cheibriados
Dithmenos
Elyvilon
Fedhas
Gozag
Hepliaklqana
Makhleb
Nemelex Xobeh
Okawaru
Qazlal
Ru
Trog
Uskayaw
Vehumet
Wu Jian
Yredelemnul
Jiyva

Shops:
D:5 !   D:6 }   D:7 %(=[%   Orc:2 [??}!   Lair:1 [

Portals:
Trove: Elf:2 (give 4 potions of resistance)

Annotations:
Shoals:4 Ilsuiw, Mara
Elf:2 3 runed doors


Innate Abilities, Weirdness & Mutations

You cannot be hasted, slowed, berserked, paralysed or teleported.
You can dig through walls and to a lower floor.
Your four strong arms can wield two-handed weapons with a shield.
You have a pair of large antennae on your head. (SInv)


Message History

You hear a splash. x2
The burst of metal fragments hits Ilsuiw.
Ilsuiw is lightly wounded.
The merfolk javelineer throws a javelin.
The javelin hits you but does no damage.
You hear a splash.
Ilsuiw hits you from afar with a trident of freezing.
* * * LOW HITPOINT WARNING * * *
Unknown command.
Unknown command.
Unknown command.
Okay, then.
Press: ? - help, v - describe, . - travel
Here: a merfolk javelineer, wielding a spear and wearing a leather armour (lightly wounded)
The floor.
You fade into invisibility!
The merfolk javelineer throws a javelin.
The javelin hits you!
You die...
Your body crumbles into a pile of gold.

≈≈≈≈≈≈≈≈≈.......≈≈≈≈P≈≈≈≈≈
≈≈≈≈≈≈≈≈≈≈≈≈≈...≈PP≈P≈≈≈≈≈
...≈≈≈≈≈≈≈≈≈≈≈≈≈≈≈≈≈P≈≈≈≈≈≈
#..≈≈≈≈≈≈≈≈≈≈≈≈.≈P≈≈PP≈≈≈≈≈
..≈≈≈≈≈≈≈≈≈≈≈....≈≈≈P≈P≈≈≈≈
..≈≈≈≈≈≈.≈........≈≈P≈≈≈≈≈≈
≈≈≈≈≈≈≈≈≈.........≈≈≈≈≈≈≈≈≈
≈≈≈≈≈≈≈≈........≈≈≈≈≈≈≈≈≈≈≈
≈≈≈≈≈≈≈≈..m.....@$m≈≈≈≈≈≈≈≈
≈≈≈≈≈≈≈≈≈......####.≈≈≈≈≈≈≈
≈≈≈≈≈≈≈≈≈....m##...##≈≈≈≈≈≈
≈≈≈≈≈≈≈≈≈.....#.....# ≈≈≈≈≈
.≈......'≈≈m≈.#≈≈≈≈≈.
.≈......#≈....#≈m≈≈≈≈≈.....
####....#(...##≈≈≈≈≈≈≈.....
{ ##m..$#####.≈≈≈≈≈≈≈.....
{ #..P((....≈≈≈≈≈≈≈......


You could see Ilsuiw and 2 merfolk javelineers.

Vanquished Creatures
  A kraken (Shoals:3)
  Kirke (Lair:4)
  Polyphemus (Shoals:2)
  Roxanne (Shoals:3)
  Nessos (Orc:2)
  Azrael (Orc:2)
  2 deep elf demonologists (Elf:1)
  Snorg (D:13)
  A deep elf death mage (Elf:2)
  2 merfolk javelineers
  Josephine (Lair:4)
  2 deep elf high priests (Elf:1)
  7 merfolk impalers
  A fire dragon (shapeshifter) (Elf:1)
  8 vault guards (D:13)
  Erolcha (D:13)
  7 hydras
  A merfolk avatar (Shoals:1)
  2 merfolk aquamancers (Shoals:4)
  5 centaur warriors
  2 catoblepae
  The ghost of Amnesiac the Transmogrifier, a journeyman SpTm of Sif Muna (Orc:1)
  18 two-headed ogres
  3 ogre magi
  4 death yaks
  5 orc high priests
  8 deep elf knights
  The ghost of Borgoz the Cleaver, a novice GrAK of Lugonu (Lair:1)
  2 wretched stars (Abyss:3)
  2 skeletal warriors (D:15)
  2 deep trolls
  2 unseen horrors
  2 shadow demons (Abyss:3)
  A lindwurm (Lair:5)
  15 sea snakes
  A flayed ghost (D:15)
  8 deep elf archers
  An orc knight (D:13)
  A necromancer (D:15)
  The ghost of Totori the Thaumaturge, a novice DEWz of Vehumet (D:8)
  5 harpies
  A mana viper (shapeshifter) (Elf:1)
  19 ugly things
  A fire giant zombie (D:15)
  A frost giant zombie (D:15)
  7 fauns
  8 cyclopes
  23 deep elf magi
  5 orc sorcerers
  12 manticores
  6 merfolk sirens
  An apocalypse crab (Abyss:3)
  2 frost giant skeletons (D:15)
  7 water nymphs
  Psyche (D:10)
  A black mamba (Lair:1)
  6 elephants (Lair:4)
  2 torpor snails
  3 gargoyles
  A large abomination (Abyss:3)
  2 kobold demonologists (Abyss:3)
  26 spiny frogs
  8 komodo dragons
  An efreet (D:15)
  A yaktaur (D:15)
  4 rime drakes (Lair:5)
  2 polar bears
  13 trolls
  5 tyrant leeches (Lair:6)
  6 wind drakes
  17 merfolk
  4 raiju (Abyss:3)
  Grinder (D:5)
  7 slime creatures
  6 snapping turtles
  38 blink frogs
  A hornet (Lair:5)
  13 dream sheep
  17 hippogriffs
  8 redbacks (Elf:2)
  5 wraiths
  Sigmund (D:6)
  7 water elementals
  2 wyverns
  38 yaks
  A basilisk (Lair:6)
  2 hogs (Lair:4)
  A steam dragon (D:10)
  7 fire elementals
  Eustachio (D:4)
  11 vampire mosquitoes
  2 hungry ghosts
  4 wargs (D:10)
  4 nagas (Lair:3)
  An acid dragon (D:15)
  8 water moccasins
  2 hell hounds (Orc:1)
  Duvessa (D:5)
  7 porcupines
  4 ice beasts
  3 black bears
  12 orc warriors
  3 phantoms
  A hornet zombie (D:14)
  A black bear (shapeshifter) (D:14)
  A necrophage (D:11)
  2 sky beasts
  An eye of draining (D:12)
  25 ogres
  2 boggarts (Abyss:3)
  A small abomination (Abyss:3)
  25 centaurs
  14 crocodiles
  8 wolves
  2 big kobolds
  The ghost of Borgoz the Sneak, an amateur SpAs (D:3)
  An earth elemental (Elf:1)
  28 bullfrogs
  Dowan (D:5)
  A wyvern skeleton (D:11)
  18 scorpions
  5 wights (D:6)
  2 electric eels
  4 crimson imps
  A bullfrog zombie (D:12)
  5 centaur zombies
  9 hounds
  8 jellies
  5 quasits
  3 human zombies (Ossuary)
  21 orc priests
  3 bullfrog skeletons
  Crazy Yiuf (D:5)
  22 orc wizards
  6 centaur skeletons
  3 iguanas
  Natasha (thrice) (D:4)
  15 worker ants
  A big kobold zombie (Ossuary)
  A hound zombie (D:9)
  3 mummies (Ossuary)
  2 worker ant zombies
  14 gnolls
  A howler monkey skeleton (D:10)
  4 scorpion zombies (Ossuary)
  18 adders
  6 shadow imps
  11 oozes
  4 worms (D:2)
  2 dart slugs (D:1)
  9 leopard geckos
  72 orcs
  24 bats
  5 giant cockroaches
  3 gnoll zombies
  9 hobgoblins
  15 jackals
  4 quokkas
  2 ball pythons
  6 frilled lizards
  14 goblins
  A goblin zombie (Ossuary)
  A hobgoblin zombie (Ossuary)
  21 kobolds
  4 kobold zombies (Ossuary)
  A leopard gecko zombie (D:8)
  An orc zombie (Ossuary)
  7 rats
  A plant (Shoals:2)
  7 tentacles (Shoals:3)
1069 creatures vanquished.

Vanquished Creatures (collateral kills)
  A deep elf demonologist (Abyss:3)
  An alligator snapping turtle (Shoals:3)
  A deep elf knight (Elf:1)
  A hellion (Elf:1)
  A hound (D:13)
5 creatures vanquished.

Vanquished Creatures (others)
  Fannar (D:10)
  8 dancing weapons
  A deep elf mage (Elf:1)
  An orc warrior (D:13)
  A hound (D:10)
  5 fungi
  30 plants
  11 tentacles (Shoals:3)
  8 toadstools (D:3)
66 creatures vanquished.

Grand Total: 1140 creatures vanquished

Notes
Turn   | Place    | Note
-------+----------+-------------------------------------------
     0 | D:1      | inmateoo the Formicid Fighter began the quest for the Orb.
     0 | D:1      | Reached XP level 1. HP: 18/18 MP: 1/1
    48 | D:1      | Reached XP level 2. HP: 22/24 MP: 2/2
   256 | D:1      | Reached skill level 1 in Maces & Flails
   362 | D:1      | Reached XP level 3. HP: 27/29 MP: 3/3
   760 | D:1      | Reached skill level 2 in Maces & Flails
  1093 | D:2      | Reached XP level 4. HP: 35/35 MP: 4/4
  1142 | D:2      | Reached skill level 3 in Maces & Flails
  1222 | D:2      | Found a radiant altar of Vehumet.
  1225 | D:2      | Found a blossoming altar of Fedhas.
  1225 | D:2      | Found a stormy altar of Qazlal.
  1249 | D:2      | Found a snail-covered altar of Cheibriados.
  1489 | D:2      | Reached XP level 5. HP: 41/41 MP: 5/5
  1616 | D:2      | Found a hazy altar of Hepliaklqana.
  1729 | D:3      | Reached skill level 4 in Maces & Flails
  1780 | D:3      | Noticed Borgoz's ghost (amateur SpAs)
  1801 | D:3      | Killed Borgoz's ghost
  1830 | D:3      | Reached XP level 6. HP: 47/47 MP: 6/6
  1947 | D:3      | Reached skill level 5 in Maces & Flails
  2099 | D:3      | Reached skill level 6 in Maces & Flails
  2099 | D:3      | Reached XP level 7. HP: 43/52 MP: 7/7
  2190 | D:3      | Found a basalt altar of Yredelemnul.
  2385 | D:4      | Noticed Eustachio
  2391 | D:4      | Noticed Natasha
  2410 | D:4      | Killed Natasha
  2421 | D:4      | Reached skill level 7 in Maces & Flails
  2447 | D:4      | Killed Eustachio
  2593 | D:4      | Noticed Natasha
  2599 | D:4      | Killed Natasha
  2599 | D:4      | Reached XP level 8. HP: 54/58 MP: 8/8
  2609 | D:4      | Reached skill level 8 in Maces & Flails
  2821 | D:4      | Noticed Natasha
  2827 | D:4      | Killed Natasha
  3017 | D:5      | Entered Level 5 of the Dungeon
  3103 | D:5      | Reached skill level 9 in Maces & Flails
  3236 | D:5      | Found Ceoxuto's Distillery.
  3244 | D:5      | Bought a potion of degeneration for 12 gold pieces
  3388 | D:5      | Reached XP level 9. HP: 67/67 MP: 9/9
  3416 | D:5      | Reached skill level 5 in Fighting
  3445 | D:5      | Noticed Grinder
  3478 | D:5      | Killed Grinder
  3478 | D:5      | Reached skill level 10 in Maces & Flails
  3577 | D:5      | Noticed Duvessa
  3578 | D:5      | Noticed Dowan
  3590 | D:5      | Killed Duvessa
  3594 | D:5      | Killed Dowan
  3791 | D:5      | Found a runed door.
  3947 | D:5      | Noticed Crazy Yiuf
  3950 | D:5      | Killed Crazy Yiuf
  4382 | D:6      | Found Seushrin's Gadget Emporium.
  4429 | D:6      | Reached skill level 11 in Maces & Flails
  4500 | D:6      | Found a staircase to the Ecumenical Temple.
  4501 | D:6      | Noticed a green ugly thing
  4502 | D:6      | Noticed Sigmund
  4523 | Temple   | Entered the Ecumenical Temple
  4534 | Temple   | Became a worshipper of Gozag Ym Sagoz the Greedy
  4656 | D:6      | Reached skill level 13 in Maces & Flails
  4656 | D:6      | Reached XP level 10. HP: 33/77 MP: 10/10
  4658 | D:6      | Gained mutation: You are clumsy. (Dex -2) [potion of mutation]
  4658 | D:6      | Lost mutation: You are clumsy. (Dex -2) [potion of mutation]
  4661 | D:6      | Reached skill level 14 in Maces & Flails
  4661 | D:6      | Reached XP level 11. HP: 58/86 MP: 11/11
  4672 | D:6      | Killed Sigmund
  4683 | D:6      | Killed a cyan ugly thing
  4825 | D:6      | Reached XP level 12. HP: 77/93 MP: 12/12
  5205 | D:7      | Found Kuywuisk's Weapon Boutique.
  5309 | D:7      | Found Cupt's Food Boutique.
  5340 | D:7      | Found a sand-covered staircase.
  5397 | Ossuary  | Entered an ossuary
  5658 | Ossuary  | Reached skill level 1 in Dodging
  5849 | D:7      | Found Ypsuli's Food Boutique.
  5915 | D:7      | Found Micwelef's Armour Shop.
  5922 | D:7      | Found Jiditup's Jewellery Emporium.
  6242 | D:8      | Noticed Totori's ghost (novice DEWz)
  6254 | D:8      | Killed Totori's ghost
  7134 | D:9      | Found a sacrificial altar of Ru.
  7734 | D:9      | Found a shattered altar of Ashenzari.
  7949 | D:10     | Entered Level 10 of the Dungeon
  7961 | D:10     | Noticed a two-headed ogre
  7975 | D:10     | Killed a two-headed ogre
  8065 | D:10     | Noticed Fannar
  8383 | D:10     | HP: 4/94 [gargoyle/stone arrow (11)]
  8671 | D:10     | Noticed Psyche
  8680 | D:10     | Killed Psyche
  9083 | D:10     | Killed Fannar
  9083 | D:10     | Reached skill level 15 in Maces & Flails
  9213 | D:10     | Found a staircase to the Lair.
  9252 | D:10     | Found a staircase to the Orcish Mines.
  9695 | D:11     | Noticed a four-headed hydra
  9727 | D:11     | Killed a four-headed hydra
  9727 | D:11     | Reached skill level 10 in Shields
  9727 | D:11     | Reached XP level 13. HP: 77/101 MP: 13/13
 11576 | D:12     | Noticed an eight-headed hydra
 11592 | D:12     | Killed an eight-headed hydra
 11630 | D:12     | Got a transparent iron ring
 11634 | D:12     | Identified the ring "Kebih" {rC+ Str-3 Int+3 Dex+8} (You found it on level 12 of the Dungeon)
 12410 | D:12     | Reached skill level 10 in Fighting
 12773 | D:12     | Reached skill level 10 in Armour
 12831 | D:13     | Noticed Snorg
 12848 | D:13     | Killed Snorg
 13013 | D:13     | Reached skill level 5 in Dodging
 13060 | D:13     | Reached skill level 16 in Maces & Flails
 13064 | D:13     | Noticed Erolcha
 13334 | Lair:1   | Entered Level 1 of the Lair of Beasts
 13384 | Lair:1   | Noticed Borgoz's ghost (novice GrAK)
 13617 | Orc:1    | Entered Level 1 of the Orcish Mines
 13617 | Orc:1    | Noticed Amnesiac's ghost (journeyman SpTm)
 13640 | Orc:1    | Killed Amnesiac's ghost
 13702 | Orc:1    | Found a dark tunnel.
 13707 | Volcano  | Entered a volcano
 13727 | Volcano  | Reached XP level 14. HP: 38/110 MP: 14/14
 14879 | Orc:2    | Entered Level 2 of the Orcish Mines
 14879 | Orc:2    | Noticed Azrael
 15321 | Orc:1    | Reached skill level 17 in Maces & Flails
 15650 | Orc:2    | Found a staircase to the Elven Halls.
 15901 | Orc:2    | Killed Azrael
 16124 | Orc:2    | Noticed Nessos
 16603 | D:6      | Bought a wand of paralysis (18) for 240 gold pieces
 16776 | Orc:2    | Killed Nessos
 17303 | Orc:2    | Found Taxoqut's Magic Scroll Emporium.
 17313 | Orc:2    | Found Secamid's Distillery.
 17315 | Orc:2    | Found Suxaq's Gadget Boutique.
 17324 | Orc:2    | Found Ysipeh's Magic Scroll Shoppe.
 17333 | Orc:2    | Bought a scroll of magic mapping for 56 gold pieces
 17333 | Orc:2    | Bought a scroll of magic mapping for 56 gold pieces
 17345 | Orc:2    | Bought a scroll of enchant weapon for 112 gold pieces
 17345 | Orc:2    | Bought a scroll of brand weapon for 300 gold pieces
 17345 | Orc:2    | Bought a scroll of enchant weapon for 112 gold pieces
 17345 | Orc:2    | Bought a scroll of identify for 30 gold pieces
 17345 | Orc:2    | Bought a scroll of magic mapping for 52 gold pieces
 17499 | Orc:2    | Bought a +1 shield of protection for 181 gold pieces
 17499 | Orc:2    | Bought the +4 chain mail "Qufis" {+Blink rElec rPois rC-} for 469 gold pieces
 17622 | Lair:1   | Killed Borgoz's ghost
 17772 | Lair:1   | Reached XP level 15. HP: 108/115 MP: 15/15
 18055 | Lair:1   | Found a blossoming altar of Fedhas.
 18527 | Lair:2   | Reached skill level 18 in Maces & Flails
 19895 | Lair:3   | Found a staircase to the Shoals.
 20142 | Lair:3   | Found a staircase to the Snake Pit.
 20546 | Lair:4   | Reached skill level 19 in Maces & Flails
 20864 | Lair:4   | Noticed Josephine
 20880 | Lair:4   | Killed Josephine
 21123 | Lair:4   | Noticed Kirke
 21154 | Lair:4   | Killed Kirke
 22118 | Lair:5   | Reached skill level 1 in Evocations
 22190 | Lair:5   | Reached XP level 16. HP: 122/122 MP: 16/16
 22225 | Lair:5   | Got a transparent marble ring
 22660 | Lair:6   | Entered Level 6 of the Lair of Beasts
 22660 | Lair:6   | Found an iron altar of Okawaru.
 22675 | Lair:6   | Reached skill level 20 in Maces & Flails
 23420 | Lair:6   | Found a viscous altar of Jiyva.
 23420 | Lair:6   | Found a staircase to the Slime Pits.
 23981 | D:13     | Reached skill level 5 in Evocations
 23991 | D:13     | Killed Erolcha
 24049 | D:13     | Identified a scroll of acquirement
 24065 | D:13     | Identified the ring "Vustril" {rC++ SInv} (You found it on level 5 of the Lair of Beasts)
 24113 | D:13     | Found a shadowy altar of Dithmenos.
 24126 | D:13     | Found a gate to the Vaults.
 24664 | D:13     | You fall through a shaft!
 24786 | D:14     | Reached skill level 21 in Maces & Flails
 24944 | D:14     | Reached XP level 17. HP: 128/128 MP: 22/22
 24995 | D:14     | Found a sparkling altar of Nemelex Xobeh.
 25394 | D:15     | Entered Level 15 of the Dungeon
 25799 | D:15     | Found a staircase to the Depths.
 26524 | Elf:1    | Entered Level 1 of the Elven Halls
 26534 | Elf:1    | Cast into level 3 of the Abyss (a deep elf demonologist)
 26555 | Abyss:3  | Found a deep blue altar of Sif Muna.
 26571 | Abyss:3  | Identified the Papyrus of Boosting Transformation
 26585 | Abyss:3  | Noticed a Hell Sentinel
 26615 | Abyss:3  | Reached skill level 22 in Maces & Flails
 26762 | Elf:1    | Escaped the Abyss
 27658 | Elf:1    | Reached XP level 18. HP: 99/134 MP: 24/24
 27814 | Elf:1    | Found Radwaw's Armour Boutique.
 28406 | Elf:2    | Found a huge runed gate.
 28406 | Elf:2    | Found a huge runed gate.
 28408 | Elf:2    | Found a huge runed gate.
 28537 | Elf:2    | Reached skill level 23 in Maces & Flails
 28585 | Elf:2    | Found the +4 moon troll leather armour {Spirit, Regen++ MP+5}
 28604 | Elf:2    | Found a portal to a secret trove of treasure.
 29360 | Lair:1   | Bought the +9 scales of the Dragon King {rPois rF+ rC+ MR+} for 5616 gold pieces
 29360 | Lair:1   | Found the +9 scales of the Dragon King {rPois rF+ rC+ MR+}
 29489 | Shoals:1 | Entered Level 1 of the Shoals
 30800 | Shoals:2 | Noticed Polyphemus
 30812 | Shoals:2 | Reached skill level 24 in Maces & Flails
 30825 | Shoals:2 | Killed Polyphemus
 31171 | Shoals:3 | Found a transporter.
 31394 | Shoals:3 | Noticed a kraken
 31643 | Shoals:3 | Killed a kraken
 31643 | Shoals:3 | Reached XP level 19. HP: 114/140 MP: 25/25
 31699 | Shoals:3 | Noticed Roxanne
 32124 | Shoals:3 | Found a transporter.
 32192 | Shoals:3 | Killed Roxanne
 32483 | Shoals:3 | Learned a level 1 spell: Apportation
 32531 | Shoals:3 | Got a scintillating bone ring
 32542 | Shoals:3 | Got a steaming pewter ring
 32553 | Shoals:3 | Got a pair of distressingly furry boots
 32565 | Shoals:3 | Identified the -4 pair of boots of Melancholy {rF+ MR+ Dex-2 SInv} (You acquired it on level 3 of the Shoals)
 32567 | Shoals:3 | Identified the ring "Hyphapp" {*Slow MR+++ MP+9 Int-2 Dex+5} (You found it on level 3 of the Shoals)
 32568 | Shoals:3 | Identified the ring "Lemum" {Int+3 SInv} (You found it on level 3 of the Shoals)
 32675 | Shoals:4 | Entered Level 4 of the Shoals
 33277 | Shoals:4 | Noticed Mara
 33287 | Shoals:4 | Noticed inmateoo's illusion
 33497 | Shoals:4 | Noticed Ilsuiw
 33537 | Shoals:4 | Hit by a javelin thrown by a merfolk javelineer

Vault maps used:
D:1:      dpeg_arrival_houses_and_road
D:2:      marbit_many_paths, grunt_temple_overflow_open, first_ration
D:3:      cheibrodos_fertilizer, lemuel_zombie_altar_yredelemnul
D:4:      uniq_natasha, uniq_eustachio
D:5:      serial_shops, nicolae_shop_crystal, uniq_duvessa, uniq_grinder,
          uniq_crazy_yiuf_cottage
D:6:      old_forge, minmay_temple_entry_statues_fountains, serial_shops,
          nicolae_shop_behind_doors, uniq_sigmund
D:7:      serial_shops, shop_statue, shop, nicolae_shop_behind_doors, shop,
          nicolae_shop_waterfront, lightli_ossuary_entry_decrepit_ruins
D:9:      nicolae_ru_awakened_eye, kennysheep_little_box
D:10:     lair_entry_dummy, minmay_orc_entry_guard_dogs, uniq_psyche,
          uniq_fannar
D:13:     erik_vaults_2, grunt_ogre_cave, grunt_dithmenos_smoke_and_mirrors,
          uniq_erolcha, uniq_snorg
D:14:     nemelex_xobeh_ov_fountains_minmay, wad_rectangle_vault
D:15:     gammafunk_depths_entry_grave, minmay_variable_closet
Temple:   nicolae_temple_great_sept
Lair:1:   basic_altar, minmay_holes, lemuel_fruit_fields
Lair:2:   grunt_megastairs_1, infiniplex_staircase_pool, serial_bayou_shore_b
Lair:3:   elwin_shoals_entry_rooms, minmay_snake_entry_guardpost_large,
          lemuel_fruit_tree
Lair:4:   serial_bayou_shore_a, uniq_kirke, uniq_josephine
Lair:5:   beast_lair_carwin_1
Lair:6:   minmay_lair_end_frog_pond, slime_altar_1, basic_altar
Shoals:2: uniq_polyphemus
Shoals:3: gammafunk_its_a_trap, nicolae_shoals_kraken_intersection, uniq_roxanne
Shoals:4: shoals_end_simple, shoal_ilsuiw, uniq_mara
Orc:1:    enter_bailey_3, enter_volcano_4
Orc:2:    st_orc_open, uniq_azrael, uniq_nessos
Elf:1:    serial_shops, shop, orc_legates, grunt_megastairs_2
Elf:2:    trove_entry_hex_spiral, spider_trap, nicolae_twisting_strands
Abyss:3:  hangedman_summoners_spam
Ossuary:  ossuary_minmay_scorpions
Volcano:  volcano_caves

Skill      XL: |  1  2  3  4  5  6  7  8  9 10 11 12 13 14 15 16 17 18 |
---------------+-------------------------------------------------------+-----
Maces & Flails | 1 2 3 4 6 7 9 13 14 15 16 17 19 21 22 24 | 24.9
Fighting       | 4 6 8 9 10 | 10.0
Armour         | 6 8 9 10 | 10.0
Shields        | 7 8 10 | 10.0
Dodging        | 3 5 8 |  8.0
Evocations     | 1 7 8 |  8.0
Axes           | |  2.7

Action                   |  1- 3 |  4- 6 |  7- 9 | 10-12 | 13-15 | 16-18 | 19-21 || total
-------------------------+-------+-------+-------+-------+-------+-------+-------++-------
Melee: War axe           |     5 |       |       |       |       |       |       ||     5
       Whip              |    53 |   203 |   379 |   744 |   948 |       |       ||  2327
       Great mace        |       |       |       |       |   512 |  1614 |   283 ||  2409
       Unarmed           |       |       |       |       |     3 |       |       ||     3
 Cast: Apportation       |       |       |       |       |       |       |     5 ||     5
Invok: Call Merchant     |       |       |       |       |     2 |       |       ||     2
       Potion Petition   |       |       |       |       |     1 |     3 |     1 ||     5
 Abil: Dig               |       |     1 |     7 |     4 |    26 |     7 |     5 ||    50
Evoke: Wand              |       |       |       |     1 |    24 |     3 |     8 ||    36
       Phial of floods   |       |       |       |       |       |     1 |     1 ||     2
       Phantom mirror    |       |       |       |       |       |       |     1 ||     1
  Use: Scroll            |     2 |       |     9 |     2 |    10 |    12 |     5 ||    40
       Potion            |       |       |     3 |     9 |     7 |     1 |     4 ||    24
 Stab: Invisible         |       |       |       |     5 |     2 |       |       ||     7
       Distracted        |       |       |       |     2 |    10 |    13 |     1 ||    26
       Paralysed         |       |       |       |     2 |    14 |     2 |       ||    18
       Petrified         |       |       |       |       |       |     2 |       ||     2
  Eat: Chunk             |       |     4 |     9 |       |       |       |       ||    13
       Ration            |       |       |       |     5 |    14 |    10 |     2 ||    31
Armor: Scale mail        |    28 |   104 |    88 |   126 |    53 |       |       ||   399
       Plate armour      |       |       |       |       |   157 |       |       ||   157
       Chain mail        |       |       |       |       |   138 |   291 |       ||   429
       Gold dragon scale |       |       |       |       |       |   225 |   179 ||   404
Dodge: Dodged            |    17 |    71 |    70 |   176 |   378 |   440 |    59 ||  1211
Block: Shield            |    24 |   120 |   126 |   270 |   614 |   752 |   158 ||  2064

Table legend:
 A = Spawn XP
 B = Non-spawn XP
 C = Spawn XP percentage of total XP
 D = Spawn monster count
 E = Non-spawn monster count
 F = Spawn count percentage of total count
 G = Total turns spent on level
                    A         B        C        D         E        F      G
               +---------+---------+-------+---------+---------+-------+---------
         Total |    3887 |  278083 |   1.4 |      10 |    1065 |   0.9 | 33537
               +---------+---------+-------+---------+---------+-------+---------
           D:1 |       0 |      42 |   0.0 |       0 |      24 |   0.0 |   864
           D:2 |       0 |     101 |   0.0 |       0 |      31 |   0.0 |   841
           D:3 |       0 |     434 |   0.0 |       0 |      50 |   0.0 |   602
           D:4 |       0 |     886 |   0.0 |       0 |      31 |   0.0 |   710
           D:5 |       0 |    1338 |   0.0 |       0 |      37 |   0.0 |  1158
           D:6 |       0 |    2174 |   0.0 |       0 |      48 |   0.0 |   861
           D:7 |       0 |     286 |   0.0 |       0 |      17 |   0.0 |   736
           D:8 |       0 |    1988 |   0.0 |       0 |      28 |   0.0 |   948
           D:9 |       0 |    2311 |   0.0 |       0 |      35 |   0.0 |  1161
          D:10 |       0 |    4687 |   0.0 |       0 |      27 |   0.0 |  2297
          D:11 |       0 |    7327 |   0.0 |       0 |      38 |   0.0 |  1328
          D:12 |       0 |    5678 |   0.0 |       0 |      39 |   0.0 |  1649
          D:13 |       0 |   16020 |   0.0 |       0 |      36 |   0.0 |  1087
          D:14 |       0 |   18051 |   0.0 |       0 |      53 |   0.0 |   742
          D:15 |       0 |   16723 |   0.0 |       0 |      43 |   0.0 |   902
        Lair:1 |       0 |    5019 |   0.0 |       0 |      18 |   0.0 |  1203
        Lair:2 |       0 |    5366 |   0.0 |       0 |      23 |   0.0 |   940
        Lair:3 |       0 |    6471 |   0.0 |       0 |      23 |   0.0 |  1026
        Lair:4 |       0 |   12954 |   0.0 |       0 |      43 |   0.0 |  1070
        Lair:5 |       0 |    9995 |   0.0 |       0 |      35 |   0.0 |  1259
        Lair:6 |       0 |   16746 |   0.0 |       0 |      61 |   0.0 |  1047
      Shoals:1 |       0 |   12474 |   0.0 |       0 |      23 |   0.0 |   736
      Shoals:2 |       0 |   17090 |   0.0 |       0 |      37 |   0.0 |  1057
      Shoals:3 |       0 |   21687 |   0.0 |       0 |      35 |   0.0 |  1534
      Shoals:4 |       0 |   14765 |   0.0 |       0 |      27 |   0.0 |   721
         Orc:1 |       0 |   14769 |   0.0 |       0 |      49 |   0.0 |  2309
         Orc:2 |       0 |    9860 |   0.0 |       0 |      25 |   0.0 |  1018
         Elf:1 |     306 |   23024 |   1.3 |       1 |      47 |   2.1 |  1395
         Elf:2 |       0 |   17995 |   0.0 |       0 |      32 |   0.0 |   948
       Abyss:3 |    3581 |    6126 |  36.9 |       9 |      11 |  45.0 |   228
       Ossuary |       0 |    1237 |   0.0 |       0 |      34 |   0.0 |   407
       Volcano |       0 |    4459 |   0.0 |       0 |       5 |   0.0 |   634
               +---------+---------+-------+---------+---------+-------+---------
